 Dungeon Crawl Stone Soup version 0.23-b1 (webtiles) character file.

Game seed: 16382790263802503382

49 Gunterle the Conjurer (level 3, -1/24 HPs)
             Began as a Mummy Conjurer on Jan 31, 2019.
             Was an Initiate of Ashenzari.
             Slain by Natasha (10 damage)
             ... on level 2 of the Dungeon.
             The game lasted 00:11:59 (2237 turns).

Gunterle the Conjurer (Mummy Conjurer)              Turns: 2237, Time: 00:11:59

Health: -1/24      AC:  2    Str: 11    XL:     3   Next: 53%
Magic:  0/7        EV: 12    Int: 15    God:    Ashenzari [......]
Gold:   82         SH:  0    Dex: 12    Spells: 1/7 levels left

rFire    x . .     SeeInvis .   h - +0 spear
rCold    + . .     Gourm    .   (no shield)
rNeg     + + +     Faith    .   a - +0 robe
rPois    ∞         Spirit   .   (no helmet)
rElec    .         Reflect  .   (no cloak)
rCorr    .         Harm     .   (no gloves)
MR       .....                  (no boots)
Stlth    ++........             (no amulet)
HPRegen  0.08/turn              (no ring)
MPRegen  0.10/turn              (no ring)

@: no status effects
A: no food or potions, fire vulnerability, cold resistance 1, negative energy
resistance 3, torment resistance, unbreathing
a: Curse Item, Renounce Religion


You were on level 2 of the Dungeon.
You worshipped Ashenzari.
Ashenzari was noncommittal.
You were not hungry.

You visited 1 branch of the dungeon, and saw 2 of its levels.

You collected 82 gold pieces.

Inventory:

Hand Weapons
 g - a +0 club
 h - a +0 spear (weapon)
Missiles
 b - 6 javelins (quivered)
 c - 16 bolts
 f - 106 stones
Armour
 a - a +0 robe (worn)
 e - a cursed +0 leather armour
Scrolls
 d - 2 scrolls of enchant weapon {unknown}


   Skills:
 - Level 1.5 Dodging
 - Level 1.5 Stealth
 + Level 2.9 Spellcasting
 * Level 4.2 Conjurations
 + Level 0.5 Hexes


You had one spell level left.
You knew the following spells:

 Your Spells              Type           Power        Failure   Level  Hunger
a - Magic Dart            Conj           ###.         3%          1    N/A
b - Searing Ray           Conj           ###...       5%          2    N/A
c - Dazzling Spray        Conj/Hex       #.....       22%         3    N/A

Your spell library contained the following spells:

 Spells                   Type           Power        Failure   Level  Hunger
 Iskenderun's Mystic Bla  Conj           ###.....     34%         4    N/A
 Fulminant Prism          Conj/Hex       #.........   58%         4    N/A
 Force Lance              Conj/Tloc      #.......     63%         4    N/A

Dungeon Overview and Level Annotations

Branches:
Dungeon (2/15)

Altars:
Ashenzari

Annotations:
D:2 Natasha


Innate Abilities, Weirdness & Mutations

You do not eat or drink.
Your flesh is vulnerable to fire.
You are immune to poison.
Your flesh is cold resistant. (rC+)
You are immune to negative energy. (rN+++)
You are immune to unholy pain and torment.
You can survive without breathing.


Message History

Casting: Magic Dart (safe; 3% risk of failure)
Confirm with . or Enter, or press ? or * to list all spells.
Aiming: Magic Dart (safe; 3% risk of failure)
Press: ? - help, Shift-Dir - straight line, f/p - Natasha
Aim: Natasha (heavily wounded)
The magic dart hits Natasha but does no damage.
Natasha is heavily wounded.
Natasha mumbles some strange words.
Natasha's front paws start to glow.
Natasha claws you.
You closely miss Natasha.
Natasha is heavily wounded.
Natasha claws you.
You closely miss Natasha.
Natasha is heavily wounded.
Natasha completely misses you.
You hit Natasha.
Natasha is almost dead.
Natasha claws you!
You die...

#.#.........
#.##########
#.# #.###
#...#
#########.#
#.......#.#
#.####....#
#@# #..###
#h# #..# #.#
#..# #.#
#..# #..
...##
#######..
#....#
#.#..# #
#.#.##.#


You could see Natasha.

Vanquished Creatures
  A worm (D:2)
  3 dart slugs (D:1)
  A leopard gecko (D:1)
  A giant cockroach (D:1)
  4 goblins (D:1)
  4 hobgoblins (D:1)
  4 jackals (D:2)
  5 bats
  3 frilled lizards
  6 kobolds
  5 rats
37 creatures vanquished.

Notes
Turn   | Place    | Note
-------+----------+-------------------------------------------
     0 | D:1      | Gunterle the Mummy Conjurer began the quest for the Orb.
     0 | D:1      | Reached XP level 1. HP: 13/13 MP: 4/4
   310 | D:1      | Reached XP level 2. HP: 16/19 MP: 0/5
   314 | D:1      | Learned a level 2 spell: Searing Ray
   892 | D:1      | Reached skill level 4 in Conjurations
  1176 | D:1      | Reached XP level 3. HP: 23/24 MP: 2/7
  1229 | D:1      | Learned a level 3 spell: Dazzling Spray
  1750 | D:2      | Found a shattered altar of Ashenzari.
  1895 | D:2      | Became a worshipper of Ashenzari the Shackled
  2227 | D:2      | Noticed Natasha
  2237 | D:2      | Slain by Natasha

Skill      XL: |  1  2 |
---------------+-------+-----
Conjurations   | 4 |  4.2
Dodging        | |  1.5
Stealth        | |  1.5
Spellcasting   | |  2.9
Hexes          | |  0.5

Action                   || total
-------------------------++-------
Melee: Club              ||     2
       Spear             ||     4
Throw: Javelin           ||     5
 Cast: Magic Dart        ||    60
       Searing Ray       ||     8
Armor: Robe              ||     2
Dodge: Dodged            ||    16
